 Dungeon Crawl Stone Soup version 0.31-a0-1-g4198be8af4 (webtiles) character file.

Game seed: 10842676151528699041

1720 bmack86 the Cleaver (level 8, -2/71 HPs)
             Began as a Minotaur Fighter on May 1, 2023.
             Slain by a gnoll sergeant
             ... wielding a +1 heavy trident
              (9 damage)
             ... on level 6 of the Dungeon.
             The game lasted 00:12:17 (4020 turns).

bmack86 the Cleaver (Minotaur Fighter)              Turns: 4020, Time: 00:12:18

Health: -2/71      AC: 11    Str: 23    XL:     8   Next: 75%
Magic:  7/7        EV:  8    Int:  5    God:
Gold:   350        SH:  5    Dex: 13    Spells: 7/7 levels left

rFire   . . .        a - +0 war axe
rCold   . . .        c - +0 buckler
rNeg    . . .        v - +0 chain mail
rPois   .            (helmet restricted)
rElec   .            x - +0 cloak
rCorr   .            (no gloves)
SInv    .            (no boots)
Will    +....        s - amulet of regeneration Stlth
                     i - ring of Fymauv {Dex+3 Slay+4}
HPRegen 1.11/turn    k - ring of willpower
MPRegen 0.10/turn

%: no passive effects
@: no status effects
A: horns 2, retaliatory headbutt
a: no special abilities


You were on level 6 of the Dungeon.
You visited 2 branches of the dungeon, and saw 7 of its levels.

You collected 350 gold pieces.

Inventory:

Hand Weapons
 a - a +0 war axe (weapon)
 t - a +0 war axe
Missiles
 m - 8 boomerangs (quivered)
Armour
 b - a +0 scale mail
 c - a +0 buckler (worn)
 v - a +0 chain mail (worn)
 x - a +0 cloak (worn)
Jewellery
 g - a ring of resist corrosion
 i - the ring of Fymauv (left hand) {Dex+3 Slay+4}
   (You found it on level 6 of the Dungeon)

   [ring of slaying]

   Dex:       It affects your dexterity (+3).
   Slay:      It affects your accuracy & damage with ranged weapons and melee
   (+4).
 k - a ring of willpower (right hand)
 n - a ring of protection from cold
 r - an amulet of faith
 s - an amulet of regeneration (around neck)
 y - a ring of protection from fire
Wands
 w - a wand of paralysis (8)
Scrolls
 e - 2 scrolls of noise
 o - 2 scrolls of teleportation
 z - a scroll of fog
Potions
 d - 2 potions of might
 f - a potion of resistance
 h - 3 potions of flight
 j - 5 potions of curing
 l - a potion of magic
 p - 2 potions of mutation
 u - a potion of lignification {unknown}


   Skills:
 + Level 6.6 Fighting
 * Level 8.3 Axes
 + Level 4.0 Throwing
 + Level 6.5 Armour
 + Level 6.5 Shields


You had 7 spell levels left.
You didn't know any spells.
Your spell library contained the following spells:

 Spells                   Type           Power      Damage    Failure   Level
 Magic Dart               Conj           0%         1d3       97%         1
 Searing Ray              Conj           0%         2d4       99%         2
 Summon Guardian Golem    Hex/Summ       0%         N/A       100%        3
 Fulminant Prism          Conj/Hex       0%         3d5       100%        4
 Summon Lightning Spire   Summ/Air       0%         N/A       100%        4
 Orb of Destruction       Conj           0%         9d5       100%        7
 Spellforged Servitor     Conj/Summ      0%         N/A       100%        7
 Storm Form               Tmut/Air       0%         N/A       100%        7
 Maxwell's Capacitive Co  Air            0%         ∞         100%        8


Dungeon Overview and Level Annotations

Branches:
Dungeon (6/15)             Temple (1/1) D:6

Altars:
Ashenzari
Cheibriados
Dithmenos
Fedhas
Hepliaklqana
Kikubaaqudgha
Makhleb
Nemelex Xobeh
Ru
Sif Muna
Vehumet
Zin
Lugonu

Shops:
D:3 (


Innate Abilities, Weirdness & Mutations

You have a pair of horns on your head.
You reflexively headbutt those who attack you in melee.


Message History

The gnoll hits you with a +0 whip. The gnoll hits you with a +0 flail.
You barely miss the gnoll. You headbutt the gnoll!
You kill the gnoll!
You hit the gnoll. You slash the gnoll sergeant!
The gnoll sergeant hits you with a +1 heavy trident!
A gnoll comes into view. It is wielding a +0 club.
You block the gnoll's attack. The gnoll barely misses you.
You furiously retaliate!
You headbutt the gnoll!
You kill the gnoll!
Things that are here:
a +0 whip; a throwing net You block the gnoll sergeant's attack.
Things that are here:
a +0 flail; the +0 ring mail of the Buccaneer {rElec Str+2 Int-2}; a gnoll corpse The gnoll sergeant hits you with a +1 heavy trident!
The gnoll barely misses you.
You hit the gnoll sergeant.
The gnoll sergeant is severely wounded.
You hit the gnoll. The gnoll hits you but does no damage.
The gnoll sergeant blocks your attack.
The gnoll sergeant is severely wounded.
You hit the gnoll.
The gnoll sergeant hits you with a +1 heavy trident.
The gnoll barely misses you.
You hit the gnoll sergeant.
The gnoll sergeant is almost dead.
You hit the gnoll.
You kill the gnoll!
The gnoll sergeant hits you with a +1 heavy trident!
* * * LOW HITPOINT WARNING * * *
The gnoll sergeant blocks your attack.
You headbutt the gnoll sergeant.
The gnoll sergeant is almost dead.
The gnoll sergeant hits you with a +1 heavy trident!
* * * LOW HITPOINT WARNING * * *
You completely miss the gnoll sergeant.
The gnoll sergeant is almost dead.
The gnoll sergeant blocks your attack.
The gnoll sergeant is almost dead.
The gnoll sergeant hits you with a +1 heavy trident!
You die...

##......#####.#
#......#....
...#........#)#
#.##...#.##.
##...######.#.#
#.##......#. ##### #.#.#
####.##........ #.#.#
##.#...#........ #...#
#..............# ###.#
##.#...#......##
####.#####.#####.....##*
#.....g@)..#####,....,,,
##
#.##..).)............,,*
.##
#.##.#####.......####*,*
..### #.##.# #.#######
*,* ....# #.##.# #.# *,*
..#.# #.##.# #.# #.*
.##.######.##.# #.# #.*
.#*...........#
#.#******####.#
)#*#######.####
*,,,,,,,,......


You could see a gnoll sergeant.

Vanquished Creatures
  Grinder (D:5)
  A water moccasin (D:5)
  2 ice beasts (D:6)
  An ogre (D:5)
  A centaur (D:6)
  2 phantoms
  Blork the orc (D:5)
  4 wights (D:6)
  5 orc priests
  3 hounds
  3 iguanas
  5 orc wizards
  3 gnolls (D:6)
  5 adders
  2 shadow imps (D:5)
  2 white imps
  3 ufetubi
  A worm (D:3)
  4 dart slugs
  18 orcs
  8 endoplasms
  A giant cockroach (D:1)
  6 goblins
  9 hobgoblins
  8 kobolds
  3 quokkas
  3 ball pythons
  4 bats (D:1)
  2 frilled lizards (D:2)
  3 rats
114 creatures vanquished.

Notes
Turn   | Place    | Note
-------+----------+-------------------------------------------
     0 | D:1      | bmack86 the Minotaur Fighter began the quest for the Orb.
     0 | D:1      | Reached XP level 1. HP: 19/19 MP: 0/0
   117 | D:1      | Reached XP level 2. HP: 27/27 MP: 1/1
   311 | D:1      | Reached skill level 3 in Axes
   376 | D:1      | Found a faded altar of an unknown god.
   779 | D:2      | Reached XP level 3. HP: 31/33 MP: 2/2
  1312 | D:3      | Noticed a phantom
  1319 | D:3      | Found a burning altar of Makhleb.
  1322 | D:3      | Killed a phantom
  1323 | D:3      | Reached skill level 4 in Axes
  1323 | D:3      | Reached XP level 4. HP: 41/41 MP: 3/3
  1434 | D:3      | Found an ancient bone altar of Kikubaaqudgha.
  1621 | D:3      | Found Fonu's Weapon Boutique.
  1894 | D:4      | Noticed a phantom
  1899 | D:4      | Reached skill level 1 in Throwing
  1899 | D:4      | Reached XP level 5. HP: 47/47 MP: 4/4
  1907 | D:4      | Killed a phantom
  2029 | D:4      | Reached XP level 6. HP: 50/55 MP: 5/5
  2030 | D:4      | Reached skill level 5 in Axes
  2030 | D:4      | Found a shadowy altar of Dithmenos.
  2191 | D:4      | Reached skill level 5 in Fighting
  2191 | D:4      | Reached skill level 5 in Shields
  2194 | D:4      | Reached skill level 5 in Armour
  2233 | D:4      | Reached XP level 7. HP: 37/61 MP: 6/6
  2524 | D:5      | Entered Level 5 of the Dungeon
  2524 | D:5      | Noticed Grinder
  2531 | D:5      | Killed Grinder
  2532 | D:5      | Reached skill level 6 in Axes
  2540 | D:5      | Noticed Blork the orc
  2544 | D:5      | Killed Blork the orc
  2576 | D:5      | Identified the +0 robe of the Devil {Dex+3}
  2841 | D:5      | Reached skill level 7 in Axes
  2841 | D:5      | Reached XP level 8. HP: 32/70 MP: 7/7
  3105 | D:5      | Found a blossoming altar of Fedhas.
  3658 | D:6      | Found a staircase to the Ecumenical Temple.
  3680 | D:6      | Reached skill level 8 in Axes
  3702 | Temple   | Entered the Ecumenical Temple
  3824 | D:6      | Found a snail-covered altar of Cheibriados.
  3917 | D:6      | Identified the ring of Fymauv {Dex+3 Slay+4}
  4004 | D:6      | Identified the +0 ring mail of the Buccaneer {rElec Str+2
                  | Int-2}
  4020 | D:6      | Slain by a gnoll sergeant

Illustrated notes

Levels and vault maps discovered:
D:1:      minmay_arrival_loop, layout_loops_ring,
          shapermc_ecumenical_altar_petra
D:2:      layout_basic
D:3:      layout_basic, nicolae_kikubaaqudgha_miasma_corner,
          overflow_temple_1_default, serial_shops, nicolae_shop_behind_doors
D:4:      layout_rooms, nicolae_dithmenos_shadow_blocks, grunt_ministairs_13
D:5:      layout_loops_corners, mainiacjoe_overflow_alcove_2, serial_demonic,
          serial_demonic_d, serial_demonic_b, serial_demonic_b,
          serial_demonic_c, uniq_blork_the_orc, uniq_grinder
D:6:      layout_loops_ring, kennysheep_slug_shrine, minmay_temple_entry_glass
Temple:   corrupted_temple

Skill      XL: |  1  2  3  4  5  6  7  8 |
---------------+-------------------------+-----
Axes           | 3 4 5 7 8 |  8.3
Shields        | 4 5 6 |  6.5
Fighting       | 4 5 6 |  6.6
Armour         | 4 5 6 |  6.5
Throwing       | 1 2 3 4 |  4.0

Action                     |  1- 3 |  4- 6 |  7- 9 || total
---------------------------+-------+-------+-------++-------
  Melee: War axe           |    87 |    75 |   119 ||   281
         Headbutt          |    12 |    11 |    21 ||    44
  Throw: Boomerang         |       |    12 |       ||    12
    Use: Scroll            |     2 |     6 |     4 ||    12
         Potion            |       |       |     2 ||     2
 Armour: Scale mail        |    52 |    48 |       ||   100
         Chain mail        |       |       |    85 ||    85
  Dodge: Dodged            |    37 |    46 |    44 ||   127
  Block: Buckler           |    25 |    13 |    32 ||    70

Table legend: (Time is in decaauts)
 A = Elapsed time spent in this place.
 B = Non-inter-level travel time spent in this place.
 C = Inter-level travel time spent in this place.
 D = Time resting spent in this place.
 E = Time spent auto-exploring this place.
 F = Levels seen in this place.
 G = Mean time per level.
                   A        B        C        D        E       F      G
               +--------+--------+--------+--------+--------+-----+--------+
         Total |   4084 |   3986 |     98 |      0 |   2639 |   7 |  583.4 |
       Dungeon |   4040 |   3942 |     98 |      0 |   2639 |   6 |  673.3 |
        Temple |     44 |     44 |      0 |      0 |      0 |   1 |   44.0 |
               +--------+--------+--------+--------+--------+-----+--------+

Top non-repeatable levels by time:
     D:5: 909 daAuts
     D:1: 697 daAuts
     D:4: 671 daAuts
     D:2: 618 daAuts
     D:3: 592 daAuts
     D:6: 550 daAuts
  Temple: 44 daAuts
